 Dungeon Crawl Stone Soup version 0.26-a0-612-gd4d190f45e (webtiles) character file.

Game seed: 2895228306665769174

78680 DogServant the Carver (level 15, -5/134 HPs)
             Began as a Demonspawn Gladiator on Sept 9, 2020.
             Was a High Priest of Trog.
             Shot with a bolt by a naga sharpshooter (15 damage)
             ... on level 3 of the Snake Pit.
             The game lasted 01:35:18 (22585 turns).

DogServant the Carver (Demonspawn Gladiator)       Turns: 22585, Time: 01:35:19

Health: -5/134     AC: 29    Str: 19    XL:     15   Next: 18%
Magic:  20/23      EV: 18    Int: 10    God:    Trog [*****.]
Gold:   533        SH:  0    Dex: 16    Spells: 25/25 levels left

rFire    . . .     SeeInvis +   B - +7 Screaming Sword {vorpal, sonic wave, FUCK}
rCold    . . .     Faith    .   (no shield)
rNeg     + . .     Spirit   .   R - +3 ring mail {MR+}
rPois    +         Reflect  .   Q - +1 helmet {SInv}
rElec    .         Harm     .   F - +1 cloak
rCorr    .                      j - +0 pair of gloves
MR       ++...                  n - +0 pair of boots
Stlth    +.........             (no amulet)
HPRegen  0.32/turn              f - ring of positive energy
MPRegen  0.18/turn              l - ring of poison resistance

@: mighty, sanguine armour
A: talons 2, foul stench 1, robust 1, spiny 1, rot immunity, sanguine armour 3
a: Berserk, Trog's Hand, Brothers in Arms, Renounce Religion


You were on level 3 of the Snake Pit.
You worshipped Trog.
Trog was extremely pleased with you.
You visited 5 branches of the dungeon, and saw 25 of its levels.

You collected 2068 gold pieces.
You spent 1535 gold pieces at shops.

Inventory:

Hand Weapons
 a - a +7 scimitar of holy wrath
 B - the +7 Screaming Sword (weapon) {vorpal, sonic wave, FUCK}
   (You found it on level 4 of the Dungeon)

   It inflicts extra damage upon your enemies.
Missiles
 d - 2 throwing nets
 A - 48 poisoned darts (quivered)
 D - 2 curare-tipped darts
 M - 16 datura-tipped darts
 S - 6 atropa-tipped darts
Armour
 j - a +0 pair of gloves (worn)
 n - a +0 pair of boots (worn)
 F - a +1 cloak (worn)
 Q - a +1 helmet of see invisible (worn)
 R - a +3 ring mail of magic resistance (worn)
Jewellery
 f - a ring of positive energy (left hand)
 g - an uncursed ring of protection from fire {unknown}
 l - a ring of poison resistance (right hand)
 p - a +6 ring of intelligence
 v - an uncursed ring of positive energy
 H - an uncursed ring of magical power {unknown}
 I - an uncursed amulet of magic regeneration
 N - an uncursed ring of protection from magic
 T - a cursed ring of attention {unknown}
 U - a +4 ring of protection {unknown}
Wands
 i - a wand of iceblast (7)
 y - a wand of polymorph (8)
 E - a wand of flame (22)
 O - a wand of random effects (51)
Scrolls
 b - a scroll of silence {unknown}
 c - 2 scrolls of random uselessness {unknown}
 h - 8 scrolls of remove curse
 m - 6 scrolls of magic mapping
 s - a scroll of blinking
 u - 4 scrolls of identify
 z - 2 scrolls of fear {unknown}
 P - 2 scrolls of teleportation
 W - 3 scrolls of immolation
 Y - 3 scrolls of fog
Potions
 k - 4 potions of flight
 o - a potion of haste {unknown}
 q - 5 potions of might
 t - 5 potions of curing
 x - 4 potions of lignification
 C - 2 potions of magic
 J - 2 potions of resistance
 K - 7 potions of brilliance
 L - 3 potions of stabbing
 X - 2 potions of berserk rage {unknown}
Miscellaneous
 r - a condenser vane (2/2)
 G - a lightning rod (4/4)


   Skills:
 * Level 12.5 Fighting
 * Level 12.6 Long Blades
   Level 5.5 Axes
 + Level 10.5 Throwing
 + Level 9.1 Armour
 + Level 10.6 Dodging
 - Level 5.8 Spellcasting


You had 25 spell levels left.
You didn't know any spells.
Your spell library contained the following spells:

 Spells                   Type           Power        Failure   Level
 Shock                    Conj/Air       #...         32%         1
 Swiftness                Air            #.......     45%         2
 Static Discharge         Conj/Air       #.......     69%         3
 Airstrike                Air            #.........   97%         4
 Lightning Bolt           Conj/Air       #.........   100%        5


Dungeon Overview and Level Annotations

Branches:
Dungeon (13/15)            Temple (1/1) D:4            Lair (6/6) D:10
  Swamp (0/4) Lair:4        Snake (3/4) Lair:2        Slime (0/5) Lair:6
    Orc (2/2) D:10            Elf (0/3) Orc:2
 Vaults: D:13-14

Altars:
Ashenzari
Cheibriados
Dithmenos
Fedhas
Gozag
Hepliaklqana
Kikubaaqudgha
Makhleb
Nemelex Xobeh
Okawaru
Ru
Sif Muna
Trog
Vehumet
Wu Jian
Yredelemnul
The Shining One
Beogh
Jiyva

Shops:
D:4 =   D:7 [   Orc:2 [!?:?

Annotations:
D:5 1 runed translucent door, nyroko's ghost, amateur GrFi
Lair:6 1 runed translucent door, exclusion: 4 oklob plants
Snake:2 Aizul


Innate Abilities, Weirdness & Mutations

You have razor-sharp toenails.
You may emit foul miasma when damaged in melee.
You are robust. (+10% HP)
You are partially covered in sharp spines.
You are immune to rotting.
When seriously injured, your bleeding wounds create very thick armour. (AC +12)


Message History

There is a stone staircase leading down here.
You climb downwards. 8 nagas come into view.
The naga ritualist is wielding a +2 dagger of venom.
The naga mage shouts!
The naga shouts!
The naga ritualist shouts!
The naga shouts!
The naga sharpshooter shouts! x3; You hear an angry hiss.
Found a chain mail.
There is a stone staircase leading up here.
The naga sharpshooter unwields a +0 glaive.
The naga sharpshooter wields a +0 longbow.
The naga sharpshooter gestures wildly while chanting.
The naga sharpshooter magically shoots an arrow.
The arrow hits you.
* * * LOW HITPOINT WARNING * * *
The naga sharpshooter unwields a +0 war axe.
The naga sharpshooter wields a +0 arbalest.
The naga sharpshooter mumbles some strange words.
The naga sharpshooter magically shoots a bolt.
The bolt hits you!
You die...

....N........#
........N....#.
.......N.......
......NN.......
...............
.............#.
#..N.........
#....@..[....
.....N..#####..
.....N###
...... .....
..... ..## .#


You could see 3 naga sharpshooters, a salamander, a naga ritualist, a naga mage
and 2 nagas.

Vanquished Creatures
  Erolcha (Orc:1)
  4 hydras
  A catoblepas (Lair:6)
  The ghost of Kreyzy the Fighter, a journeyman VSBr of Gozag (Lair:3)
  A deep troll shaman (Lair:6)
  An ogre mage (Orc:2)
  7 two-headed ogres
  5 death yaks
  An orc high priest (Orc:2)
  Urug (D:10)
  A shock serpent (Snake:1)
  A fire crab (Lair:6)
  An unseen horror (D:11)
  A lindwurm (Lair:6)
  Pikel (D:4)
  3 orc knights (Orc:2)
  A mana viper (Snake:2)
  11 orc sorcerers
  26 elephants
  6 black mambas
  Maurice (D:11)
  Psyche (D:8)
  15 cane toads
  5 rime drakes
  8 komodo dragons
  7 trolls
  4 polar bears
  Grinder (D:5)
  Prince Ribbit (D:8)
  6 hippogriffs
  38 blink frogs
  3 slime creatures (Lair:3)
  18 dream sheep
  3 wyverns
  50 yaks
  A basilisk (Lair:3)
  A steam dragon (D:9)
  10 wargs
  Edmund (D:6)
  A vampire mosquito (D:11)
  14 water moccasins
  12 porcupines
  21 orc warriors
  An eye of draining (D:9)
  An ice beast (D:8)
  2 black bears
  2 necrophages (D:9)
  3 sky beasts
  9 wolves
  5 phantoms
  10 ogres
  4 centaurs
  A big kobold (D:10)
  4 lemures (D:4)
  13 crocodiles
  16 bullfrogs
  2 scorpions
  4 killer bees (D:7)
  3 wights (D:10)
  A howler monkey (D:4)
  4 electric eels
  A crimson imp (D:8)
  6 hounds
  A centaur zombie (D:10)
  21 orc priests
  8 jellies
  3 bullfrog zombies
  A gnoll shaman (D:7)
  A centaur skeleton (D:4)
  41 orc wizards
  An iguana (Lair:4)
  5 worker ants
  A hound zombie (D:6)
  3 hound skeletons
  A worker ant zombie (D:11)
  9 adders
  11 gnolls
  2 white imps
  4 ufetubi
  2 adder skeletons
  An adder zombie (D:5)
  A worm (D:4)
  6 dart slugs
  3 leopard geckos
  85 orcs
  2 ball pythons
  4 giant cockroaches
  16 goblins
  16 hobgoblins
  6 jackals
  3 quokkas
  8 bats
  2 frilled lizards (D:5)
  9 kobolds
  A leopard gecko zombie (D:6)
  2 quokka skeletons
  3 rats
  5 bushes (Lair:6)
677 creatures vanquished.

Vanquished Creatures (others)
  A komodo dragon (Lair:6)
  A hippogriff (D:11)
  A dream sheep (Lair:6)
  An orc priest (D:3)
  An orc (D:11)
  41 bushes (Lair:6)
  76 fungi
  153 plants
275 creatures vanquished.

Grand Total: 952 creatures vanquished

Notes
Turn   | Place    | Note
-------+----------+-------------------------------------------
     0 | D:1      | DogServant the Demonspawn Gladiator began the quest for the
                  | Orb.
     0 | D:1      | Reached XP level 1. HP: 16/16 MP: 1/1
   155 | D:1      | Gained mutation: You are immune to rotting. [demonic
                  | ancestry]
   155 | D:1      | Reached XP level 2. HP: 19/22 MP: 2/2
   895 | D:1      | Gained mutation: You have sharp toenails. [demonic
                  | ancestry]
   895 | D:1      | Reached XP level 3. HP: 27/27 MP: 3/3
  1052 | D:2      | Found a faded altar of an unknown god.
  1102 | D:2      | Became a worshipper of Trog the Wrathful
  1102 | D:2      | Reached * piety under Trog
  1609 | D:3      | Gained mutation: You are partially covered in sharp spines.
                  | [demonic ancestry]
  1609 | D:3      | Reached XP level 4. HP: 13/34 MP: 4/4
  1962 | D:3      | Reached ** piety under Trog
  2022 | D:3      | Gained mutation: You have razor-sharp toenails. [demonic
                  | ancestry]
  2022 | D:3      | Reached XP level 5. HP: 40/40 MP: 5/5
  2108 | D:3      | Found a snail-covered altar of Cheibriados.
  2556 | D:4      | Found the +7 Singing Sword {vorpal, sonic wave}
  2702 | D:4      | Found a staircase to the Ecumenical Temple.
  2872 | D:4      | Reached XP level 6. HP: 47/47 MP: 6/6
  2963 | D:4      | Found a sparkling altar of Nemelex Xobeh.
  2999 | D:4      | Noticed Pikel
  3002 | D:4      | Reached *** piety under Trog
  3005 | D:4      | Killed Pikel
  3005 | D:4      | Reached XP level 7. HP: 55/55 MP: 7/7
  3069 | D:4      | Found Diheddou's Jewellery Emporium.
  3222 | D:4      | Found a shimmering blue altar of Sif Muna.
  3357 | D:4      | Found a hazy altar of Hepliaklqana.
  3554 | D:5      | Entered Level 5 of the Dungeon
  3620 | D:5      | Reached skill level 5 in Axes
  3620 | D:5      | Reached skill level 5 in Dodging
  3631 | D:5      | Gained mutation: When seriously injured, your bleeding
                  | wounds create armour. (AC +12) [demonic ancestry]
  3631 | D:5      | Reached XP level 8. HP: 61/61 MP: 8/8
  3661 | D:5      | Found a runed translucent door.
  3662 | D:5      | Noticed nyroko's ghost (amateur GrFi)
  3741 | D:5      | Reached skill level 5 in Fighting
  3891 | D:5      | Found a shattered altar of Ashenzari.
  3944 | D:5      | Noticed Grinder
  3946 | D:5      | Killed Grinder
  3950 | D:5      | Reached skill level 5 in Throwing
  3977 | D:5      | Found an ornate altar of the Wu Jian Council.
  4520 | D:6      | Reached skill level 1 in Long Blades
  4639 | D:6      | Reached skill level 1 in Armour
  4791 | D:6      | Gained mutation: When seriously injured, your bleeding
                  | wounds create thick armour. (AC +12) [demonic ancestry]
  4791 | D:6      | Reached XP level 9. HP: 69/69 MP: 9/9
  4914 | D:6      | Noticed Edmund
  4925 | D:6      | Killed Edmund
  5346 | D:7      | Reached **** piety under Trog
  5478 | D:7      | Found the +5 robe of Misfortune {*Contam Harm *Corrode
                  | *Drain *Slow EV+5}
  5935 | D:7      | Found Cobug's Antique Armour Boutique.
  6323 | D:8      | Noticed Prince Ribbit
  6458 | D:8      | Noticed Psyche
  6465 | D:8      | Killed Psyche
  6465 | D:8      | Reached skill level 5 in Long Blades
  6507 | D:8      | Noticed a two-headed ogre
  6525 | D:8      | Found a shadowy altar of Dithmenos.
  6538 | D:8      | Gained mutation: You may emit foul miasma when damaged in
                  | melee. [demonic ancestry]
  6538 | D:8      | Reached XP level 10. HP: 66/77 MP: 10/10
  6540 | D:8      | Killed a two-headed ogre
  6542 | D:8      | Killed Prince Ribbit
  6736 | D:8      | Found a burning altar of Makhleb.
  6737 | D:8      | Found a radiant altar of Vehumet.
  6982 | D:9      | Noticed a two-headed ogre
  6993 | D:9      | Killed a two-headed ogre
  7421 | D:9      | Reached ***** piety under Trog
  7897 | D:10     | Entered Level 10 of the Dungeon
  7905 | D:10     | Noticed a two-headed ogre
  8088 | D:9      | Killed a two-headed ogre
  8088 | D:9      | Gained mutation: When seriously injured, your bleeding
                  | wounds create very thick armour. (AC +12) [demonic
                  | ancestry]
  8088 | D:9      | Reached XP level 11. HP: 70/86 MP: 11/11
  8193 | D:10     | Noticed a two-headed ogre
  8202 | D:10     | Killed a two-headed ogre
  8202 | D:10     | Received a gift from Trog
  8202 | D:10     | Reached skill level 5 in Armour
  8404 | D:10     | Found a staircase to the Lair.
  8435 | D:10     | Noticed a two-headed ogre
  8438 | D:10     | Killed a two-headed ogre
  8490 | D:10     | Noticed Urug
  8508 | D:10     | Killed Urug
  8632 | D:10     | Found a staircase to the Orcish Mines.
  8701 | D:10     | You fall into a shaft and drop 3 floors!
  8871 | D:11     | Noticed Maurice
  8885 | D:11     | Killed Maurice
  8906 | D:11     | Noticed a two-headed ogre
  8912 | D:11     | Killed a two-headed ogre
  9037 | D:11     | Killed an unseen horror
  9946 | Orc:1    | Entered Level 1 of the Orcish Mines
  9955 | Orc:1    | Noticed an orc sorcerer
  9972 | Orc:1    | Killed an orc sorcerer
 10215 | Orc:1    | Gained mutation: You are robust. (+10% HP) [demonic
                  | ancestry]
 10215 | Orc:1    | Reached XP level 12. HP: 73/103 MP: 12/12
 10410 | Orc:1    | Noticed a two-headed ogre
 10414 | Orc:1    | Killed a two-headed ogre
 10428 | Orc:1    | Received a gift from Trog
 10562 | Orc:1    | Noticed Erolcha
 10577 | Orc:1    | Killed Erolcha
 10898 | Orc:2    | Entered Level 2 of the Orcish Mines
 10934 | Orc:2    | Noticed an orc high priest
 11154 | Orc:2    | Killed an orc high priest
 11397 | Orc:2    | Reached skill level 10 in Long Blades
 11754 | Orc:2    | Found a staircase to the Elven Halls.
 12023 | Orc:2    | Found Iczuleso's Antique Armour Emporium.
 12027 | Orc:2    | Received a gift from Trog
 12044 | Orc:2    | Found Tynaelle's Book Shoppe.
 12109 | Orc:2    | Bought a glowing chain mail for 240 gold pieces
 12109 | Orc:2    | Bought a runed chain mail for 240 gold pieces
 12109 | Orc:2    | Bought a glowing ring mail for 224 gold pieces
 12109 | Orc:2    | Bought a glowing helmet for 240 gold pieces
 12201 | Orc:2    | Found an ancient bone altar of Kikubaaqudgha.
 12306 | Orc:2    | Bought a book of Air for 455 gold pieces
 12320 | Orc:2    | Noticed an ogre mage
 12324 | Orc:2    | Found a radiant altar of Vehumet.
 12325 | Orc:2    | Killed an ogre mage
 12511 | Orc:2    | Found Feneorexapt's Magic Scroll Emporium.
 12539 | Orc:2    | Bought a scroll of identify for 34 gold pieces
 12539 | Orc:2    | Bought a scroll of identify for 34 gold pieces
 12539 | Orc:2    | Bought a scroll of identify for 34 gold pieces
 12539 | Orc:2    | Bought a scroll of identify for 34 gold pieces
 12548 | Orc:2    | Reached skill level 1 in Spellcasting
 12548 | Orc:2    | Reached XP level 13. HP: 113/113 MP: 14/14
 12704 | Orc:2    | Found a roughly hewn altar of Beogh.
 12712 | Orc:2    | Found Karu's Distillery.
 12842 | Orc:2    | Found Sesej's Magic Scroll Emporium.
 13267 | Temple   | Entered the Ecumenical Temple
 13559 | Lair:1   | Entered Level 1 of the Lair of Beasts
 14039 | Lair:1   | Reached skill level 10 in Fighting
 14704 | Lair:2   | Found a staircase to the Snake Pit.
 16462 | Lair:3   | Found a runed translucent gate.
 16485 | Lair:3   | Found a runed translucent gate.
 16485 | Lair:3   | Found a runed translucent gate.
 16487 | Lair:3   | Found a viscous altar of Jiyva.
 16487 | Lair:3   | Noticed Kreyzy's ghost (journeyman VSBr)
 16600 | Lair:3   | Killed Kreyzy's ghost
 17037 | Lair:4   | Reached XP level 14. HP: 124/124 MP: 19/21
 17053 | Lair:4   | Reached skill level 5 in Spellcasting
 17727 | Lair:4   | Found a staircase to the Swamp.
 18563 | Lair:5   | Reached skill level 10 in Dodging
 18915 | Lair:5   | Reached skill level 10 in Throwing
 19785 | Lair:6   | Entered Level 6 of the Lair of Beasts
 20956 | Lair:6   | Reached XP level 15. HP: 124/133 MP: 23/23
 21596 | Lair:6   | Found a runed translucent door.
 21596 | Lair:6   | Found a viscous altar of Jiyva.
 21596 | Lair:6   | Found a staircase to the Slime Pits.
 21596 | Lair:6   | Noticed an acid blob
 22496 | Snake:1  | Entered Level 1 of the Snake Pit
 22496 | Snake:1  | Noticed Aizul
 22585 | Snake:3  | Shot with a bolt by a naga sharpshooter

Illustrated notes

Levels and vault maps discovered:
D:1:      sevenhm_arrival_forest_fort_large_4, layout_basic,
          hangedman_decor_points, st_stairs_1
D:2:      layout_basic, chequers_ecumenical_altar_island
D:3:      layout_loops_cross, cheibriados_altar_1
D:4:      cheibrodos_greedy_goblins, layout_basic, led_sif_pool,
          nicolae_overflow_hidden_temple, nemelex_altar_shiori,
          minmay_temple_entry_proselytizer, serial_shops, shop,
          minmay_goblin_kobold_house, uniq_pikel
D:5:      layout_basic, ashenzari_altar_1, lemuel_doored_altar,
          gammafunk_ghost_grave, uniq_grinder
D:6:      layout_loops_ring, serial_bayou_pond_c, uniq_edmund
D:7:      layout_loops_ring, serial_shops, kennysheep_little_box
D:8:      layout_rooms, grunt_dithmenos_smoke_and_mirrors,
          grunt_temple_overflow_lords_of_destruction, hangedman_decor_lopped,
          minmay_misc_feat_hallway, uniq_psyche, uniq_prince_ribbit1
D:9:      layout_loops_corners
D:10:     layout_irregular_city, erik_lair_orcish_takeover, erik_orc_3,
          uniq_urug
D:11:     layout_grid_maze, serial_shops, nicolae_shop_stone,
          kennysheep_mini_moat, nicolae_shop_overgrown_old_shop,
          nicolae_shop_trees, shop, lemuel_flame_loot_1, uniq_maurice
D:12:     layout_loops_ring, serial_glass, glass_columns_b, glass_columns_a,
          serial_shops, nicolae_shop_crystal, chequers_garden, uniq_nergalle
D:13:     layout_big_octagon
Temple:   nicolae_temple_figure_eight
Lair:1:   layout_cave_pods
Lair:2:   layout_roguey, guppyfry_snake_entry_island, serial_bayou_lagoon_a,
          serial_bayou_lake_a, serial_bayou_shore_b, infiniplex_staircase_pool_2
Lair:3:   layout_long_grid, gammafunk_ghost_ooze
Lair:4:   layout_layer_cave, minmay_swamp_entry_reptiles
Lair:5:   layout_misc_corridors, st_stairs_5, beast_lair_carwin_5,
          grunt_megastairs_3, lemuel_fruit_tree, infiniplex_staircase_pool
Lair:6:   grunt_lair_end_beastmaster, layout_regular_city, slime_altar_2,
          minmay_hedge_maze, grunt_megastairs_1, minmay_lair_oklob_chamber
Snake:1:  layout_rooms, uniq_aizul
Snake:2:  layout_onion, guppyfry_snake_island, minmay_shoptagon
Snake:3:  nicolae_snake_nest, layout_chambers
Orc:1:    layout_diamond_mine, uniq_erolcha
Orc:2:    kennysheep_orc_mage_school, layout_diamond_mine, serial_shops, shop

Skill      XL: |  1  2  3  4  5  6  7  8  9 10 11 12 13 14 |
---------------+-------------------------------------------+-----
Axes           | 3 4 5 |  5.5
Dodging        | 3 4 5 6 7 8 9 10 | 10.6
Throwing       | 2 3 4 5 6 7 8 9 10 | 10.5
Fighting       | 3 4 5 6 7 8 9 11 12 | 12.5
Long Blades    | 2 5 7 9 10 11 12 | 12.6
Armour         | 1 3 4 6 7 8 9 |  9.1
Spellcasting   | 1 4 5 |  5.8

Action                   |  1- 3 |  4- 6 |  7- 9 | 10-12 | 13-15 || total
-------------------------+-------+-------+-------+-------+-------++-------
Melee: War axe           |    67 |    43 |       |       |       ||   110
       Kick              |     6 |    15 |    33 |    82 |    35 ||   171
       Double sword      |       |    23 |   118 |   269 |   449 ||   859
Throw: Dart              |       |       |     3 |     3 |     4 ||    10
       Throwing net      |       |       |       |     1 |       ||     1
Invok: Berserk           |       |     1 |     1 |     2 |     3 ||     7
  Use: Scroll            |     3 |     2 |     2 |    14 |    15 ||    36
       Potion            |     2 |       |     1 |     1 |     9 ||    13
 Stab: Invisible         |     2 |       |       |     3 |       ||     5
       Sleeping          |       |     2 |       |       |       ||     2
       Held in net/web   |       |       |       |     1 |       ||     1
Armor: Leather armour    |    34 |    21 |    34 |    53 |       ||   142
       Ring mail         |       |       |       |     3 |   180 ||   183
       Skin              |       |       |       |       |    22 ||    22
Dodge: Dodged            |    59 |    36 |   110 |   233 |   378 ||   816
       Rpst.: Double sword |       |     2 |    38 |    63 |    91 ||   194

Table legend: (Time is in decaauts)
 A = Elapsed time spent in this place.
 B = Non-inter-level travel time spent in this place.
 C = Inter-level travel time spent in this place.
 D = Time resting spent in this place.
 E = Time spent auto-exploring this place.
 F = Levels seen in this place.
 G = Mean time per level.
                   A        B        C        D        E       F      G
               +--------+--------+--------+--------+--------+-----+--------+
         Total |  22817 |  21637 |   1180 |   4448 |  13066 |  25 |  912.7 |
       Dungeon |  10475 |   9724 |    751 |   1120 |   6442 |  13 |  805.8 |
        Temple |    123 |    106 |     17 |      0 |    101 |   1 |  123.0 |
          Lair |   8988 |   8684 |    304 |   2393 |   5080 |   6 | 1498.0 |
     Snake Pit |     85 |     85 |      0 |     38 |      0 |   3 |   28.3 |
  Orcish Mines |   3144 |   3038 |    106 |    897 |   1443 |   2 | 1572.0 |
               +--------+--------+--------+--------+--------+-----+--------+

Top non-repeatable levels by time:
  Lair:6: 2366 daAuts
   Orc:2: 1622 daAuts
  Lair:5: 1563 daAuts
   Orc:1: 1522 daAuts
     D:9: 1507 daAuts
  Lair:4: 1433 daAuts
    D:10: 1336 daAuts
  Lair:2: 1303 daAuts
  Lair:3: 1296 daAuts
     D:4: 1206 daAuts
     D:6: 1032 daAuts
     D:7: 1026 daAuts
  Lair:1: 1025 daAuts
     D:1: 951 daAuts
     D:5: 930 daAuts
